Map: Automaton LE

Players

frostydog

  • Race: Terran Terran
  • League: Gold
  • Spawn Location: 9:00

Mesrob - Winner!

  • Race: Terran Terran
  • League: Gold
  • Spawn Location: 3:00

VOD

Have the link to the VOD?

Description

Time

  • Played on: Jan. 17, 2019, 7:53 p.m.
  • Length: 21:00
Show
View Real Time Build Order
Export as new Build Order

frostydog Terran 

Build Orders: Reaper Expand 

Get SALT Encoding   

  12  0:00  SCV  
  13  0:12  SCV  
  14  0:18  Supply Depot  
  14  0:25  SCV  
  15  0:40  SCV  
  15  0:42  Barracks  
  16  0:47  Refinery  
  16  0:52  SCV  
  17  1:04  SCV  
  18  1:16  SCV  
  19  1:30  Reaper  
  19  1:32  Orbital Command  
  20  1:46  Command Center  
  20  1:59  SCV  
  21  2:07  Factory  
  21  2:14  SCV  
  22  2:17  Marine  
  23  2:25  Supply Depot  
  23  2:47  SCV  
  24  2:54  Factory Tech Lab  
  24  2:55  Barracks Tech Lab  
  24  2:59  Orbital Command, SCV  
  25  3:11  Barracks  
  26  3:12  SCV  
  26  3:14  Starport  
  26  3:33  Refinery  
  26  3:34  Marauder  
  28  3:35  SCV x2  
  28  3:41  Refinery  
  30  3:45  Refinery  
  30  3:49  SCV x2  
  30  3:54  Marine  
  33  3:58  Siege Tank  
  33  4:01  SCV  
  33  4:02  SCV  
  38  4:03  Liberator  
  38  4:13  SCV  
  38  4:14  Marine, SCV  
  44  4:24  Barracks Tech Lab  
  44  4:26  SCV  
  44  4:27  Barracks Reactor  
  44  4:28  SCV  
  46  4:50  Supply Depot  
  46  4:51  Supply Depot  
  46  5:07  Supply Depot  
  46  5:11  SCV x2  
  46  5:12  Stimpack  
  48  5:14  Starport Reactor  
  48  5:15  Engineering Bay x2  
  48  5:23  SCV x2  
  48  5:25  Marine x3  
  48  5:27  Siege Tank  
  56  5:33  Barracks  
  56  5:35  SCV x2  
  58  5:43  Marine  
  58  5:47  Terran Infantry Weapons Level 1, Terran Infantry Armor Level 1  
  58  5:48  SCV x2  
  61  5:54  Missile Turret  
  61  5:56  Missile Turret  
  58  6:00  Supply Depot, SCV x2  
  58  6:01  Supply Depot  
  60  6:11  Siege Tank  
  60  6:12  Marine x2, SCV x2  
  67  6:24  Supply Depot, SCV x2  
  69  6:27  Barracks Reactor  
  69  6:36  SCV x2  
  71  6:47  Marine x3, Supply Depot  
  71  6:48  SCV  
  71  6:49  Medivac x2  
  79  6:55  Supply Depot, Combat Shield  
  79  6:56  Supply Depot  
  79  7:05  Marine  
  79  7:07  Marine x3  
  79  7:08  Marine  
  84  7:09  Command Center  
  84  7:17  Barracks  
  84  7:19  Medivac x2  
  88  7:42  Fusion Core  
  88  7:57  Command Center  
  88  7:58  Starport  
  88  8:00  Starport  
  88  8:09  Missile Turret  
  88  8:12  Missile Turret  
  88  8:14  Missile Turret  
  88  8:21  Missile Turret  
  88  8:37  Missile Turret  
  88  8:38  Weapon Refit  
  75  9:00  Starport Tech Lab x2  
  69  9:02  Marine  
  69  9:03  Marine x4, Marauder  
  69  9:07  Orbital Command  
  76  9:10  Orbital Command  
  76  9:12  SCV x2  
  78  9:20  Marine x2  
  78  9:21  Marine  
  78  9:22  Viking x2  
  85  9:24  SCV  
  85  9:25  Marauder, SCV  
  89  9:35  Factory  
  89  9:36  SCV  
  89  9:37  Factory, SCV  
  91  9:39  Factory  
  91  9:46  Marauder  
  91  9:51  Refinery  
  93  9:52  Refinery  
  93  9:57  Missile Turret  
  93  9:59  Battlecruiser  
  99  10:00  Missile Turret  
  99  10:01  Battlecruiser  
  105  10:07  Marine  
  105  10:08  Marine x2, Marauder  
  105  10:12  Orbital Command  
  110  10:20  Armory  
  110  10:24  Armory  
  110  10:25  Armory  
  110  10:30  Marauder  
  110  10:31  Marine x4  
  116  10:42  Sensor Tower  
  116  10:45  SCV x2  
  116  10:46  SCV  
  116  10:48  Marine  
  116  10:49  Marine x2  
  122  10:51  Marauder  
  122  10:53  Viking x2  
  122  10:56  Factory Tech Lab  
  128  10:57  Factory Tech Lab  
  128  11:10  Barracks Reactor  
  128  11:12  Marauder  
  128  11:14  Terran Ship Weapons Level 1, Terran Vehicle And Ship Armor Level 1  
  128  11:15  Terran Infantry Weapons Level 2, Terran Infantry Armor Level 2  
  130  11:22  Factory Tech Lab  
  130  11:25  Thor  
  136  11:26  Thor  
  142  11:35  Sensor Tower  
  142  11:36  SCV x3  
  145  11:52  Supply Depot  
  145  11:53  Supply Depot  
  145  12:10  Refinery  
  145  12:13  Refinery, Thor  
  145  12:14  Missile Turret  
  145  12:15  Supply Depot  
  151  12:18  Missile Turret  
  151  12:20  Thor  
  151  12:21  Thor  
  163  12:27  Supply Depot x2, Terran Vehicle Weapons Level 1  
  163  12:36  Thor  
  169  12:42  Command Center  
  169  13:03  Thor x3  
  169  13:04  Marine  
  188  13:18  Command Center  
  188  13:22  Starport  
  188  13:26  Starport  
  188  13:29  Starport  
  188  13:54  Marine x6, Marauder, SCV x2  
  198  14:00  Terran Infantry Weapons Level 3, Terran Infantry Armor Level 3  
  198  14:01  Terran Ship Weapons Level 2  
  198  14:06  Terran Vehicle And Ship Armor Level 2  
  198  14:11  Marine x2  
  199  14:37  Marine x2  
  200  14:40  Terran Vehicle Weapons Level 2  
  153  14:57  Marine x3  
  153  14:58  Marine x2, Marauder  
  153  14:59  Thor x2  
  162  15:00  Thor  
  174  15:14  Refinery  
  174  15:19  Marauder  
  176  15:26  Orbital Command  
  176  15:29  Planetary Fortress  
  176  15:30  Orbital Command  
  176  15:35  Starport Tech Lab  
  176  15:40  Marine x3, Marauder  
  176  15:41  Marine x2  
  189  15:42  Battlecruiser  
  189  15:46  Orbital Command  
  189  16:02  Marauder  
  191  16:06  Starport Tech Lab, Battlecruiser  
  197  16:23  Marauder  
  199  16:42  Missile Turret  
  199  16:44  Refinery, Missile Turret  
  199  16:49  Refinery  
  199  16:50  Missile Turret  
  199  17:13  Factory Tech Lab  
  199  17:18  Factory Tech Lab  
  199  17:29  Marine  
  154  17:48  Marine x5  
  154  17:49  Marine, Marauder  
  135  18:02  Thor x3  
  135  18:03  Thor  
  135  18:04  Battlecruiser x2  
  171  18:05  Marine  
  171  18:06  Marine  
  171  18:11  Marauder  
  174  18:32  Marauder  
  176  18:48  Orbital Command  
  176  19:00  Starport Tech Lab  
  176  19:04  Command Center  
  176  19:05  Command Center  
  176  19:07  Supply Depot  
  176  19:08  Supply Depot  
  176  19:12  Supply Depot  
  176  19:13  Supply Depot  
  170  19:29  Marine x3  
  170  19:30  Marauder, Battlecruiser  
  180  19:33  Marine  
  173  19:52  Marauder  
  115  20:06  Thor x2  
  85  20:14  Marine  
  85  20:15  Marine x3, Marauder  
  69  20:33  Starport Tech Lab  
  60  20:37  Marauder  
Show
View Real Time Build Order
Export as new Build Order

Mesrob Terran - Winner!

Build Orders: Mech 

Get SALT Encoding   

  12  0:00  SCV  
  13  0:12  SCV  
  14  0:18  Supply Depot  
  14  0:25  SCV  
  15  0:39  SCV  
  15  0:42  Barracks  
  16  0:50  Refinery  
  16  0:51  SCV  
  17  1:04  SCV  
  18  1:16  SCV  
  19  1:28  Orbital Command  
  19  1:40  Command Center  
  19  1:43  Marine  
  20  1:57  Factory  
  20  2:18  Bunker  
  20  2:19  Barracks Tech Lab  
  20  2:21  SCV  
  21  2:33  SCV  
  21  2:55  Orbital Command  
  21  3:03  Supply Depot  
  21  3:12  Marine  
  21  3:17  SCV  
  21  3:18  Refinery  
  23  3:21  SCV  
  23  3:26  Refinery  
  24  3:27  Supply Depot  
  24  3:29  SCV  
  24  3:33  SCV  
  26  3:35  Siege Tank  
  29  3:42  SCV  
  29  3:45  SCV  
  31  3:49  Supply Depot  
  31  3:54  SCV  
  32  3:57  SCV  
  33  4:06  SCV  
  33  4:07  Siege Tank  
  33  4:08  Armory  
  33  4:09  SCV  
  38  4:12  Engineering Bay  
  38  4:18  SCV  
  38  4:21  SCV  
  40  4:25  Command Center  
  40  4:30  SCV  
  41  4:33  SCV  
  42  4:42  SCV  
  42  4:44  Missile Turret  
  43  4:45  SCV  
  43  4:52  Missile Turret  
  44  4:54  SCV  
  44  4:57  Missile Turret  
  44  4:59  SCV  
  46  5:05  Missile Turret  
  46  5:06  SCV  
  47  5:07  Siege Tank  
  47  5:11  SCV  
  47  5:13  Missile Turret  
  51  5:17  Missile Turret  
  51  5:18  SCV  
  52  5:23  SCV  
  53  5:31  Factory  
  53  5:33  Missile Turret  
  53  5:41  Factory  
  50  6:12  Missile Turret  
  50  6:14  Refinery, Missile Turret  
  50  6:19  SCV x2  
  50  6:24  Factory Reactor  
  50  6:25  Thor  
  58  6:31  SCV x2  
  60  6:34  Marine, Missile Turret  
  60  6:37  Missile Turret  
  61  6:51  Marine  
  62  6:55  Factory Reactor  
  62  6:57  Missile Turret  
  62  6:59  Planetary Fortress  
  62  7:07  Thor  
  62  7:08  Missile Turret  
  68  7:09  SCV  
  68  7:10  SCV  
  70  7:21  Missile Turret, SCV  
  70  7:22  SCV  
  72  7:28  Missile Turret  
  72  7:31  Supply Depot x2  
  72  7:33  SCV  
  72  7:34  SCV  
  74  7:44  Missile Turret  
  74  7:45  SCV  
  74  7:46  SCV  
  74  7:48  Missile Turret  
  76  7:54  Supply Depot  
  76  7:56  Supply Depot  
  76  8:00  Hellion x4  
  84  8:06  Missile Turret  
  84  8:18  Factory, Supply Depot  
  84  8:20  Supply Depot  
  84  8:25  Missile Turret  
  84  8:33  Factory  
  84  8:34  Factory  
  84  8:38  Thor  
  84  8:40  Hellion x4  
  98  8:42  Terran Vehicle Weapons Level 1  
  98  8:43  Supply Depot  
  98  8:46  Supply Depot  
  98  8:47  Missile Turret  
  98  8:48  Armory  
  93  9:08  Supply Depot  
  93  9:14  Supply Depot  
  94  9:31  SCV x2  
  94  9:32  SCV  
  94  9:35  Supply Depot  
  94  9:37  Refinery  
  96  9:41  Refinery  
  96  9:43  SCV x2  
  96  9:44  SCV  
  96  9:45  Supply Depot  
  99  9:49  Factory Reactor  
  99  9:50  Factory Tech Lab x2  
  99  9:54  Factory  
  99  9:55  SCV x2  
  99  9:56  SCV  
  102  10:03  Supply Depot  
  102  10:07  SCV x2  
  102  10:08  SCV  
  105  10:14  Supply Depot, Thor x2  
  105  10:16  Hellbat x2  
  105  10:17  Hellion x2  
  105  10:19  SCV  
  105  10:20  SCV x2  
  128  10:31  Command Center, SCV  
  128  10:32  SCV x2  
  128  10:34  Supply Depot  
  131  10:38  Factory  
  131  10:39  Supply Depot  
  131  10:44  SCV  
  131  10:49  SCV  
  134  10:50  SCV  
  134  11:00  Supply Depot  
  134  11:05  Supply Depot  
  134  11:13  Factory Tech Lab  
  134  11:24  Factory  
  134  11:26  Sensor Tower  
  134  11:56  Planetary Fortress  
  134  11:58  Sensor Tower, Thor  
  134  11:59  Thor  
  134  12:01  Hellion x5  
  162  12:02  Hellion  
  162  12:10  Factory Tech Lab x2  
  162  12:33  Refinery  
  162  12:34  Refinery  
  162  12:41  Thor  
  162  12:42  Thor x2  
  162  12:43  Thor x2  
  192  12:45  Hellbat x3  
  192  12:46  Hellion  
  200  13:01  Terran Vehicle And Ship Armor Level 1  
  200  13:02  Terran Vehicle Weapons Level 2  
  200  13:32  Command Center  
  200  13:36  Command Center  
  200  13:39  Factory Tech Lab  
  164  14:44  Thor x5  
  167  14:47  Hellion x6  
  123  15:13  Planetary Fortress  
  123  15:17  Refinery  
  123  15:18  Hellbat x2  
  123  15:19  Hellion x4  
  135  15:27  Thor x5  
  165  15:31  Command Center  
  165  15:44  Refinery, Factory  
  165  15:47  Factory  
  165  15:53  Factory  
  165  16:06  Hellion x3  
  165  16:07  Hellbat x2  
  165  16:08  Hellbat  
  177  16:12  Terran Vehicle Weapons Level 3  
  177  16:13  Terran Vehicle And Ship Armor Level 2  
  177  16:55  Factory Tech Lab, Factory Reactor  
  177  16:58  Factory Tech Lab  
  177  17:10  Thor x3  
  193  17:38  Thor  
  151  17:56  Thor x6  
  151  17:58  Hellion x5  
  185  17:59  Hellion  
  179  18:11  Refinery  
  165  18:12  Planetary Fortress  
  165  18:18  Hellion x2  
  165  18:19  Hellion x2  
  161  18:20  Thor  
  161  18:22  Hellion x3  
  173  18:37  Refinery  
  173  18:38  Thor  
  173  18:39  Thor x3  
  197  18:50  Hellion x11  
  191  19:24  Thor  
  191  19:25  Thor  
  150  20:01  Thor x4  
  150  20:02  Thor  
  150  20:03  Hellbat x3  
  150  20:04  Hellbat x5  
  180  20:07  Thor  
  180  20:08  Thor  
  182  20:24  Hellbat  
  182  20:25  Hellbat  
  171  20:36  Hellbat x6  
Tags
 
Composition
Mech
League
GoldGold
Matchup
TvT
Race
Terran
Replay Pack
sc2 replays
Spawn Locations
Cross Positions
Add a new tag
Caveats
  • Supply blocks, unpowered buildings, or Contaminate may cause inaccurate times.
  • Supply counts are checked every 10 seconds.